 Dungeon Crawl Stone Soup version 0.13-a0-2318-gf5ad1f9 (webtiles) character file.

7100 Infinimo the Severer (level 11, -2/96 HPs)
             Began as a Hill Orc Fighter on July 10, 2013.
             Was an Elder of Okawaru.
             Killed from afar by a manticore (3 damage)
             ... with a volley of spikes
             ... on Level 10 of the Dungeon.
             The game lasted 00:17:38 (9568 turns).

Infinimo the Severer (Hill Orc Fighter)             Turns: 9568, Time: 00:17:39

HP  -2/96        AC 16     Str 24      XL: 11   Next:  1%
MP  10/10        EV  2     Int 11      God: Okawaru [****..]
Gold 520         SH  0     Dex  9 (10) Spells:  0 memorised, 10 levels left

Res.Fire  : . . .   See Invis. : +   n - +1,-1 orc war axe
Res.Cold  : . . .   Warding    : .   e - +0 orc plate armour
Life Prot.: + + +   Conserve   : .   c - +0 orc shield
Res.Poison: +       Res.Corr.  : .   (no helmet)
Res.Elec. : .       Clarity    : .   H - +0 elf cloak (curse)
Sust.Abil.: . .     Spirit.Shd : .   (no gloves)
Res.Mut.  : .       Stasis     : .   B - +1 pair of boots (curse)
Res.Rott. : +       Flight     : .   (no amulet)
Saprovore : + . .                    u - ring of see invisible
                                     E - cursed +4 ring of strength

@: petrified, exhausted, very slightly contaminated, hasted and slowed, somewhat
resistant to hostile enchantments, extremely unstealthy
A: saprovore 1
a: Heroism, Renounce Religion


You were on level 10 of the Dungeon.
You worshipped Okawaru.
Okawaru was extremely pleased with you.
You were very hungry.

You visited 1 branch of the dungeon, and saw 10 of its levels.

You collected 578 gold pieces.
You spent 78 gold pieces at shops.

Inventory:

Hand weapons
 n - a +1,-1 orcish war axe (weapon)
Armour
 c - a +0 orcish shield (worn)
 e - a +0 orcish plate armour (worn)
 B - a cursed +1 pair of boots (worn)
 H - a cursed +0 elven cloak (worn)
Magical devices
 a - a wand of flame (18)
 q - a wand of frost (14)
 s - a wand of cold (5) {unknown}
 I - a wand of teleportation (6)
Comestibles
 b - a lychee
 d - 4 meat rations
 j - 5 bread rations
 t - 2 apples
 A - a pear
 D - a choko
 F - a banana
Scrolls
 h - a scroll of teleportation
 v - a scroll of summoning {unknown}
 w - a scroll of amnesia {unknown}
 y - 3 scrolls of identify
 C - a scroll of recharging {unknown}
 G - a scroll of remove curse {unknown}
 J - a scroll of enchant weapon I
Jewellery
 u - a ring of see invisible (right hand)
 E - a cursed +4 ring of strength (left hand)
Potions
 f - 4 potions of curing
 g - a potion of agility
 i - a potion of speed
 k - 2 potions of poison
 l - a potion of brilliance {unknown}
 m - 2 potions of heal wounds
 r - 2 potions of magic {unknown}
 x - a potion of berserk rage
 z - a potion of resistance
Books
 o - a book of Burglary

   Spells                             Type                      Level
   Apportation                        Translocation                1
   Swiftness                          Charms/Air                   2
   Passwall                           Transmutation/Earth          3
   Passage of Golubria                Translocation                4
   Lee's Rapid Deconstruction         Earth                        5
   Darkness                           Hexes                        7
 p - a book of Hinderance

   Spells                             Type                      Level
   Confusing Touch                    Hexes                        1
   Slow                               Hexes                        2
   Confuse                            Hexes                        3
   Petrify                            Transmutation/Earth          4
   Leda's Liquefaction                Hexes/Earth                  4
   Metabolic Englaciation             Hexes/Ice                    6


   Skills:
 - Level 11.0 Fighting
 * Level 16.6 Axes
 + Level 4.2 Armour
 - Level 3.2 Shields


You had 10 spell levels left.
You didn't know any spells.

Dungeon Overview and Level Annotations

Branches:
Dungeon (10/27)            Temple (0/1) D:6            Lair (0/8) D:8
    Orc: D:6-11

Altars:
Elyvilon
Okawaru
Trog

Shops:
D:4: ! D:9: [

Annotations
D:3 smajdalf's ghost, average DrCj
D:10 Erolcha


Innate Abilities, Weirdness & Mutations

You can tolerate rotten meat.


Message History

Your shield and plate armour prevent you from hitting Erolcha.
Erolcha is heavily wounded.
Erolcha screams, "Erolcha kill you!" Erolcha hits you with a giant club.
* * * LOW HITPOINT WARNING * * *
You have turned to stone.
The manticore bites you.
* * * LOW HITPOINT WARNING * * *
Erolcha hits you with a giant club!
* * * LOW HITPOINT WARNING * * *
The manticore claws you.
* * * LOW HITPOINT WARNING * * *
Erolcha points at you and mumbles some strange words.
The crystal spear hits you!
* * * LOW HITPOINT WARNING * * *
Erolcha casts a spell.
Erolcha blinks!
The orc hits you with an orcish hammer.
* * * LOW HITPOINT WARNING * * *
The manticore flicks its tail!
The volley of spikes hits you!
You die...

#########
###...#...####
##.............
##......≈≈≈.....
#####...)O..≈≈.....#
#......%H@..≈≈...#.
.......)o#§..≈.###
.........##.≈.#
.......... .......
..................
........##.......
... .......# ......
..?. #...... .....
..... ... ....


You could see Erolcha, a manticore and an orc.

Vanquished Creatures
  Pikel (D:6)
  2 trolls
  Grinder (D:6)
  2 sharks (D:10)
  Eustachio (D:10)
  4 yaks
  A wyvern (D:9)
  A manticore (D:9)
  A wolf (D:8)
  4 sky beasts
  3 phantoms
  5 ogres
  2 centaurs
  An ice beast (D:6)
  A slave (D:6)
  2 orc warriors
  Sigmund (D:2)
  4 giant frogs
  Blork the orc (D:5)
  A water moccasin (D:8)
  4 jellyfish
  2 electric eels (D:8)
  A goliath beetle (D:9)
  11 hounds
  4 crimson imps
  2 quasits
  A giant frog zombie (D:7)
  2 big fish (D:8)
  9 orc priests
  A gnoll shaman (D:9)
  8 orc wizards
  A scorpion (D:8)
  4 worker ants
  4 iguanas
  A crocodile zombie (D:6)
  An ogre skeleton (D:4)
  A hound skeleton (D:4)
  3 jellies
  A mummy (D:9)
  A worker ant zombie (D:6)
  10 adders
  A giant centipede (D:9)
  5 gnolls
  A worm zombie (D:6)
  4 worms
  An adder skeleton (D:7)
  An iguana skeleton (D:4)
  A giant eyeball (D:8)
  2 giant geckos
  18 orcs
  A bat skeleton (D:8)
  A giant cockroach (D:2)
  10 hobgoblins
  3 jackals
  A quokka (D:8)
  3 ball pythons
  14 bats
  4 giant newts
  5 goblins
  2 hobgoblin skeletons
  12 kobolds
  16 rats
  A rat skeleton (D:5)
  A ballistomycete (D:7)
  A plant (D:4)
220 creatures vanquished.

Vanquished Creatures (others)
  A worker ant (D:6)
  A kobold (D:2)
  A giant newt (D:2)
  A giant spore (D:7)
4 creatures vanquished.

Grand Total: 224 creatures vanquished

Notes
Turn   | Place    | Note
--------------------------------------------------------------
     0 | D:1      | Infinimo, the Hill Orc Fighter, began the quest for the Orb.
     0 | D:1      | Reached XP level 1. HP: 19/19 MP: 0/0
   209 | D:1      | Reached XP level 2. HP: 16/26 MP: 1/1
   394 | D:1      | Reached skill level 4 in Axes
   523 | D:1      | Reached XP level 3. HP: 33/33 MP: 2/2
   874 | D:2      | Noticed Sigmund
   890 | D:2      | Killed Sigmund
   890 | D:2      | Reached skill level 5 in Axes
   890 | D:2      | Reached XP level 4. HP: 19/40 MP: 3/3
  1208 | D:2      | Reached XP level 5. HP: 35/46 MP: 4/4
  1307 | D:2      | Found a white marble altar of Elyvilon.
  1454 | D:2      | Reached skill level 6 in Axes
  1501 | D:2      | Found a white marble altar of Elyvilon.
  1732 | D:3      | Reached skill level 5 in Fighting
  1766 | D:3      | Reached XP level 6. HP: 46/53 MP: 5/5
  1927 | D:3      | Reached skill level 7 in Axes
  2532 | D:3      | Noticed smajdalf's ghost (average DrCj)
  2979 | D:4      | Reached skill level 8 in Axes
  3003 | D:4      | Reached XP level 7. HP: 30/60 MP: 6/6
  3631 | D:4      | Found Klorr's Distillery.
  3640 | D:4      | Bought a potion of berserk rage for 39 gold pieces
  3640 | D:4      | Bought a potion of heal wounds for 39 gold pieces
  3816 | D:5      | Entered Level 5 of the Dungeon
  3826 | D:5      | Noticed Blork the orc
  3832 | D:5      | Reached skill level 9 in Axes
  3838 | D:5      | Killed Blork the orc
  4458 | D:5      | Reached skill level 10 in Axes
  4458 | D:5      | Reached XP level 8. HP: 23/69 MP: 7/7
  4656 | D:5      | Found an iron altar of Okawaru.
  4657 | D:5      | Found a bloodstained altar of Trog.
  4729 | D:5      | Became a worshipper of Warmaster Okawaru
  4870 | D:6      | Found a staircase to the Ecumenical Temple.
  4911 | D:6      | Reached skill level 11 in Axes
  5046 | D:6      | Noticed Pikel
  5095 | D:6      | Killed Pikel
  5095 | D:6      | Acquired Okawaru's first power
  5095 | D:6      | Reached skill level 12 in Axes
  5095 | D:6      | Reached XP level 9. HP: 60/78 MP: 8/8
  5308 | D:6      | Noticed Grinder
  5314 | D:6      | Paralysed by Grinder for 6 turns
  5328 | D:6      | Killed Grinder
  5573 | D:6      | Reached skill level 13 in Axes
  6417 | D:7      | Reached skill level 14 in Axes
  7074 | D:8      | Reached XP level 10. HP: 42/88 MP: 9/9
  7138 | D:8      | Reached skill level 10 in Fighting
  7417 | D:8      | Found a staircase to the Lair.
  7751 | D:8      | Reached skill level 15 in Axes
  7814 | D:8      | Paralysed by a giant eyeball for 2 turns
  8010 | D:9      | Found Latim's Antique Armour Shop.
  8882 | D:9      | Reached skill level 16 in Axes
  9332 | D:10     | Entered Level 10 of the Dungeon
  9415 | D:10     | Noticed Erolcha
  9417 | D:10     | Noticed Eustachio
  9543 | D:10     | Killed Eustachio
  9543 | D:10     | Reached XP level 11. HP: 96/96 MP: 10/10
  9567 | D:10     | HP: 2/96 [Erolcha/crystal spear (15)]
  9568 | D:10     | Killed from afar by a manticore

Action                   |  1- 3 |  4- 6 |  7- 9 | 10-12 || total
-------------------------+-------+-------+-------+-------++-------
Melee: Hand axe          |    78 |    53 |       |       ||   131
       War axe           |       |   117 |   396 |   308 ||   821
Invok: Heroism           |       |       |       |     1 ||     1
Evoke: Wand              |       |       |     8 |     1 ||     9
  Use: Potion            |     4 |       |       |     4 ||     8
       Scroll            |       |     3 |    16 |     1 ||    20
